 Dungeon Sprint DCSS version 0.21-a0-400-g417d9d2 (webtiles) character file.

17084 Kidiri the Eclecticist (level 12, -1/73 HPs)
             Began as a Deep Elf Fire Elementalist on Oct 20, 2017.
             Was the Champion of Vehumet.
             Hit by a large rock thrown by Polyphemus (39 damage)
             ... in the Dungeon (Sprint III: "The Ten Rune Challenge").
             The game lasted 00:21:32 (3347 turns).

Kidiri the Eclecticist (Deep Elf Fire Elementalist) Turns: 3347, Time: 00:21:32

Health: -1/73      AC: 10    Str: 10    XL:     12   Next: 15%
Magic:  18/40      EV: 19    Int: 26    God:    Vehumet [******]
Gold:   102        SH:  0    Dex: 15    Spells: 2/49 levels left

rFire    . . .     SeeInvis .   q - +0 dagger
rCold    + + +     Gourm    .   (no shield)
rNeg     . . .     Faith    .   z - +4 skin of Zhor {rC+++}
rPois    .         Spirit   .   Y - +0 helmet
rElec    .         Reflect  .   n - +0 cloak
rCorr    .         Harm     .   (no gloves)
MR       +....     NoTele   +   e - +0 pair of boots
Stlth    ++........             (no amulet)
HPRegen  0.22/turn              Q - +5 ring of strength
MPRegen  0.27/turn              (no ring)

@: no status effects
A: high mp 1, wild magic 1
a: Renounce Religion


You were in the Dungeon.
You worshipped Vehumet.
Vehumet was exalted by your worship.
You were hungry.

You visited 1 branch You collected 102 gold pieces.

Inventory:

Hand Weapons
 d - a +6 battleaxe of chopping
 q - a +0 dagger (weapon)
Armour
 e - a +0 pair of boots (worn)
 i - a +4 scale mail of cold resistance
 n - a +0 cloak (worn)
 z - the +4 skin of Zhor (worn) {rC+++}
   (You found it in the Dungeon)

   It renders you almost immune to cold.
 Y - a +0 helmet (worn)
Jewellery
 Q - a +5 ring of strength (left hand)
Wands
 j - a wand of disintegration (13/24)
Scrolls
 a - a scroll of magic mapping {unknown}
 b - a scroll of enchant armour {unknown}
 p - a scroll of torment {unknown}
 r - 3 scrolls of remove curse
 v - a scroll of immolation {unknown}
Potions
 f - 2 potions of haste
 g - 2 potions of magic
 h - a potion of berserk rage
 l - 2 potions of brilliance {unknown}
 o - 3 potions of mutation
 t - a potion of resistance
 u - 2 potions of flight
 x - 2 potions of might
 C - a potion of curing
 W - 3 potions of lignification
Comestibles
 c - 3 chunks of flesh
 m - a bread ration
 s - 26 royal jellies
 X - 2 meat rations


   Skills:
 + Level 8.1 Fighting
 + Level 9.7 Short Blades
 + Level 8.3 Armour
 - Level 10.0 Dodging
 - Level 2.4 Stealth
 * Level 19.0 Spellcasting
 + Level 12.0 Conjurations
 + Level 12.4 Fire Magic
 + Level 7.1 Ice Magic
 + Level 6.4 Air Magic
 + Level 6.8 Earth Magic
 + Level 8.6 Poison Magic


You had 2 spell levels left.
You knew the following spells:

 Your Spells              Type           Power        Failure   Level  Hunger
a - Flame Tongue          Conj/Fire      #####        1%          1    None
b - Throw Flame           Conj/Fire      ######       1%          2    None
c - Conjure Flame         Conj/Fire      #######.     1%          3    None
d - Inner Flame           Hex/Fire       ######..     1%          3    None
e - Ignite Poison         Fire/Tmut/Pois ######..     1%          3    None
f - Sticky Flame          Conj/Fire      #######.     1%          4    None
g - Fireball              Conj/Fire      #######...   1%          5    None
h - Bolt of Magma         Conj/Fire/Erth #######...   1%          5    None
i - Bolt of Fire          Conj/Fire      #######...   1%          6    ##.....
j - Bolt of Cold          Conj/Ice       #######...   2%          6    ##.....
k - Freezing Cloud        Conj/Ice/Air   ######....   3%          6    ##.....
l - Mephitic Cloud        Conj/Pois/Air  #######.     1%          3    None


Dungeon Overview and Level Annotations

Branches:
Dungeon (1/1)

Altars:
Cheibriados
Dithmenos
Elyvilon
Fedhas
Gozag
Hepliaklqana
Kikubaaqudgha
Makhleb
Nemelex Xobeh
Okawaru
Qazlal
Ru
Sif Muna
Trog
Uskayaw
Vehumet
Wu Jian
Xom
Yredelemnul
Zin
The Shining One
Beogh
Jiyva
Lugonu

Annotations:
D exclusions: 6 doors and 1 more exclusion, Polyphemus


Innate Abilities, Weirdness & Mutations

You have an increased reservoir of magic. (+10% MP)
Your spells are a little harder to cast, but a little more powerful.


Message History

Confirm with . or Enter, or press ? or * to list all spells.
Aiming: Bolt of Cold
Press: ? - help, Shift-Dir - straight line, f/p - Polyphemus
Aim: Polyphemus (freezing vapour, moderately wounded)
The bolt of cold hits Polyphemus.
Polyphemus is severely wounded.
Polyphemus is engulfed in freezing vapours.
Polyphemus throws a large rock.
The large rock hits you!!
Unknown command.
Casting: Bolt of Cold
Confirm with . or Enter, or press ? or * to list all spells.
Aiming: Bolt of Cold
Press: ? - help, Shift-Dir - straight line, f/p - Polyphemus
Aim: Polyphemus (freezing vapour, severely wounded)
The bolt of cold hits Polyphemus.
Polyphemus is almost dead.
Polyphemus is engulfed in freezing vapours.
Polyphemus throws a large rock.
The large rock hits you!!!
Ouch! That really hurt!
You die...

#≈≈§§§§≈≈≈♣♣♣♣♣♣♣#..♣♣
#≈≈≈≈≈≈≈≈≈♣
###+♣♣♣♣♣♣♣
▓##+####'#######♣
♣♣♣♣.##..##≈
▓...............♣♣
♣...##.##.#≈
▓#+#############'♣
♣♣.##.##.##+
#≈P...%%%....♣
♣..#.##...#
.+≈≈...########♣♣
♣♣.##.##..#
J.#≈≈≈......(..PP♣
♣♣.##.#####
J.#≈≈≈≈P..PP.@..P♣
♣.....# ..
###########'####
####### +## ▓≈§ ▓≈≈§
▓≈≈§§ ▓≈≈.§C ▓≈≈≈§§§
▓≈≈≈≈≈≈≈


You could see Polyphemus.

Vanquished Creatures
  Rupert (D)
  2 hydras (D)
  Erolcha (D)
  4 death yaks (D)
  Urug (D)
  A lindwurm (D)
  A deep elf mage (D)
  2 black mambas (D)
  2 spiny frogs (D)
  A rime drake (D)
  A komodo dragon (D)
  A queen bee (D)
  8 blink frogs (D)
  2 tyrant leeches (D)
  3 dream sheep (D)
  A shadow (D)
  5 redbacks (D)
  3 wandering mushrooms (D)
  A spatial vortex (D)
  A swamp drake (D)
  3 black mamba simulacra (D)
  A necrophage (D)
  5 two-headed ogres (D)
  A water elemental (D)
  31 killer bees (D)
  An electric eel (D)
  A jelly (D)
  Crazy Yiuf (D)
  A wizard (D)
  Jessica (D)
  A necromancer (D)
  A wolf simulacrum (D)
  3 humans (D)
  A kobold demonologist (D)
  3 rats (D)
  2 plants (D)
99 creatures vanquished.

Vanquished Creatures (collateral kills)
  A killer bee (D)
1 creature vanquished.

Vanquished Creatures (others)
  2 draconian scorchers (D)
  Nessos (D)
  6 hellions (D)
  2 yaktaurs (D)
  A plant (D)
12 creatures vanquished.

Grand Total: 112 creatures vanquished

Notes
Turn   | Place    | Note
-------+----------+-------------------------------------------
     0 | D        | Kidiri the Deep Elf Fire Elementalist began the quest for the Orb.
     0 | D        | Reached XP level 1. HP: 10/10 MP: 6/6
    56 | D        | Noticed Jessica
    58 | D        | Killed Jessica
    58 | D        | Reached skill level 6 in Spellcasting
    58 | D        | Reached XP level 2. HP: 15/15 MP: 6/11
    63 | D        | Learned a level 2 spell: Throw Flame
   100 | D        | Killed a hellion
   102 | D        | Killed a hellion
   102 | D        | Killed a hellion
   104 | D        | Killed a hellion
   121 | D        | Noticed Crazy Yiuf
   129 | D        | Killed Crazy Yiuf
   129 | D        | Reached skill level 7 in Spellcasting
   129 | D        | Reached skill level 5 in Fire Magic
   129 | D        | Reached XP level 3. HP: 19/19 MP: 6/13
   134 | D        | Learned a level 3 spell: Conjure Flame
   138 | D        | Learned a level 3 spell: Inner Flame
   140 | D        | Killed a yaktaur
   150 | D        | Killed a hellion
   152 | D        | Killed a hellion
   155 | D        | Gained mutation: You have an increased reservoir of magic. (+10% MP) [potion of mutation]
   155 | D        | Gained mutation: Your spells are a little harder to cast, but a little more powerful. [potion of mutation]
   159 | D        | Killed a white draconian scorcher
   182 | D        | Killed a white draconian scorcher
   214 | D        | Reached skill level 8 in Spellcasting
   214 | D        | Reached XP level 4. HP: 17/24 MP: 5/17
   306 | D        | Noticed a water elemental
   310 | D        | Killed a water elemental
   310 | D        | Reached skill level 9 in Spellcasting
   310 | D        | Reached skill level 5 in Conjurations
   317 | D        | Learned a level 4 spell: Sticky Flame
   357 | D        | Found a radiant altar of Vehumet.
   358 | D        | Found a deep blue altar of Sif Muna.
   358 | D        | Found an ancient bone altar of Kikubaaqudgha.
   358 | D        | Noticed a wizard
   359 | D        | Killed a wizard
   359 | D        | Reached skill level 10 in Spellcasting
   359 | D        | Reached XP level 5. HP: 28/28 MP: 16/21
   385 | D        | Learned a level 5 spell: Fireball
   388 | D        | Became a worshipper of Vehumet
   419 | D        | Found a glowing silver altar of Zin.
   420 | D        | Found a glowing golden altar of the Shining One.
   420 | D        | Found a white marble altar of Elyvilon.
   420 | D        | Noticed a deep elf mage
   425 | D        | Killed a deep elf mage
   425 | D        | Reached skill level 5 in Dodging
   425 | D        | Reached skill level 12 in Spellcasting
   425 | D        | Reached XP level 6. HP: 37/37 MP: 15/25
   425 | D        | Reached XP level 7. HP: 41/41 MP: 16/27
   479 | D        | Found an ornate altar of the Wu Jian Council.
   479 | D        | Found a roughly hewn altar of Beogh.
   479 | D        | Found an iron altar of Okawaru.
   479 | D        | Found a bloodstained altar of Trog.
   479 | D        | Found a hide-covered altar of Uskayaw.
   479 | D        | Noticed a human
   479 | D        | Noticed a human
   482 | D        | Killed a human
   483 | D        | Killed a human
   483 | D        | Reached * piety under Vehumet
   483 | D        | Offered knowledge of Sting by Vehumet.
   483 | D        | Reached skill level 13 in Spellcasting
   555 | D        | Found a basalt altar of Yredelemnul.
   555 | D        | Found a shadowy altar of Dithmenos.
   555 | D        | Found a sacrificial altar of Ru.
   563 | D        | Reached XP level 8. HP: 48/48 MP: 18/29
   622 | D        | Reached ** piety under Vehumet
   653 | D        | Found a blossoming altar of Fedhas.
   653 | D        | Found a stormy altar of Qazlal.
   653 | D        | Found a snail-covered altar of Cheibriados.
   653 | D        | Found a burning altar of Makhleb.
   653 | D        | Found a shimmering altar of Xom.
   654 | D        | Found a hazy altar of Hepliaklqana.
   654 | D        | Found an opulent altar of Gozag.
   654 | D        | Found a sparkling altar of Nemelex Xobeh.
   654 | D        | Found a corrupted altar of Lugonu.
   654 | D        | Found a viscous altar of Jiyva.
   671 | D        | Offered knowledge of Sandblast by Vehumet.
   671 | D        | Reached skill level 5 in Short Blades
   679 | D        | Killed Nessos
   742 | D        | Reached *** piety under Vehumet
   742 | D        | Reached skill level 14 in Spellcasting
   880 | D        | Noticed a two-headed ogre
   892 | D        | Killed a two-headed ogre
   892 | D        | Offered knowledge of Ignite Poison by Vehumet.
   897 | D        | Learned a level 3 spell: Ignite Poison
   947 | D        | Noticed a two-headed ogre
   947 | D        | Noticed Erolcha
   955 | D        | Killed a two-headed ogre
   955 | D        | Offered knowledge of Fulminant Prism by Vehumet.
   955 | D        | Reached skill level 5 in Armour
   955 | D        | Reached skill level 1 in Poison Magic
   955 | D        | Reached XP level 9. HP: 35/53 MP: 17/32
   955 | D        | Killed Erolcha
   955 | D        | Reached skill level 5 in Fighting
   955 | D        | Reached skill level 15 in Spellcasting
   955 | D        | Reached skill level 10 in Fire Magic
  1061 | D        | Reached **** piety under Vehumet
  1147 | D        | Noticed a queen bee
  1151 | D        | Offered knowledge of Mephitic Cloud by Vehumet.
  1151 | D        | Reached ***** piety under Vehumet
  1162 | D        | Learned a level 3 spell: Mephitic Cloud
  1227 | D        | Offered knowledge of Bolt of Cold by Vehumet.
  1234 | D        | Killed a queen bee
  1234 | D        | Reached skill level 10 in Conjurations
  1234 | D        | Reached XP level 10. HP: 60/60 MP: 23/34
  1234 | D        | Reached ****** piety under Vehumet
  1234 | D        | Reached skill level 16 in Spellcasting
  1245 | D        | Learned a level 6 spell: Bolt of Cold
  1294 | D        | Offered knowledge of Bolt of Magma by Vehumet.
  1295 | D        | Reached skill level 1 in Ice Magic
  1296 | D        | Reached skill level 1 in Air Magic
  1299 | D        | Reached skill level 5 in Poison Magic
  1306 | D        | Learned a level 5 spell: Bolt of Magma
  1518 | D        | Offered knowledge of Spellforged Servitor by Vehumet.
  1558 | D        | Reached skill level 1 in Earth Magic
  1634 | D        | Noticed a spiny frog
  1634 | D        | Noticed a spiny frog
  1636 | D        | Killed a spiny frog
  1637 | D        | Killed a spiny frog
  1639 | D        | HP: 3/61 [komodo dragon (31)]
  1942 | D        | Offered knowledge of Bolt of Fire by Vehumet.
  1990 | D        | Learned a level 6 spell: Bolt of Fire
  2338 | D        | Reached skill level 10 in Dodging
  2396 | D        | Noticed a lindwurm
  2398 | D        | Killed a lindwurm
  2398 | D        | Reached skill level 17 in Spellcasting
  2466 | D        | Noticed Urug
  2469 | D        | Killed Urug
  2469 | D        | Reached XP level 11. HP: 56/66 MP: 24/37
  2582 | D        | Found the +4 skin of Zhor {rC+++}
  2585 | D        | Offered knowledge of Iron Shot by Vehumet.
  2796 | D        | Noticed a five-headed hydra
  2797 | D        | Noticed a four-headed hydra
  2798 | D        | Killed a five-headed hydra
  2800 | D        | Killed a four-headed hydra
  2988 | D        | Reached skill level 5 in Ice Magic
  3037 | D        | Offered knowledge of Ozocubu's Refrigeration by Vehumet.
  3042 | D        | Reached skill level 5 in Earth Magic
  3078 | D        | Noticed Rupert
  3083 | D        | Killed Rupert
  3083 | D        | Reached skill level 18 in Spellcasting
  3083 | D        | Reached skill level 5 in Air Magic
  3208 | D        | Noticed a death yak
  3209 | D        | Noticed a death yak
  3211 | D        | Noticed a death yak
  3211 | D        | Killed a death yak
  3213 | D        | Killed a death yak
  3215 | D        | Noticed a death yak
  3216 | D        | Killed a death yak
  3217 | D        | Killed a death yak
  3217 | D        | Reached XP level 12. HP: 61/73 MP: 13/40
  3303 | D        | Noticed an azure jelly
  3303 | D        | Noticed an azure jelly
  3306 | D        | Offered knowledge of Freezing Cloud by Vehumet.
  3342 | D        | Learned a level 6 spell: Freezing Cloud
  3342 | D        | Noticed Polyphemus
  3345 | D        | Reached skill level 19 in Spellcasting
  3347 | D        | Hit by a large rock thrown by Polyphemus

Vault maps used:
D:        dungeon_sprint_mu

Skill      XL: |  1  2  3  4  5  6  7  8  9 10 11 12 |
---------------+-------------------------------------+-----
Spellcasting   | 6 7 8 10 12 13 14 15 17 18 19 | 19.0
Conjurations   | 3 4 5 7 8 9 10 11 12 | 12.0
Fire Magic     | 4 5 6 8 9 10 11 12 | 12.4
Fighting       | 3 4 5 6 8 |  8.1
Short Blades   | 3 4 5 7 8 9 |  9.7
Armour         | 3 4 5 6 7 8 |  8.3
Dodging        | 5 6 7 9 10 | 10.0
Poison Magic   | 1 4 6 8 |  8.6
Ice Magic      | 4 6 7 |  7.1
Air Magic      | 3 6 |  6.4
Earth Magic    | 3 6 |  6.8
Stealth        | |  2.4

Action                   |  1- 3 |  4- 6 |  7- 9 | 10-12 || total
-------------------------+-------+-------+-------+-------++-------
Melee: Dagger            |       |       |     1 |    40 ||    41
 Cast: Flame Tongue      |    20 |     7 |    53 |     8 ||    88
       Throw Flame       |     1 |       |     1 |     1 ||     3
       Conjure Flame     |       |     1 |     8 |     2 ||    11
       Sticky Flame      |       |     3 |     4 |     3 ||    10
       Fireball          |       |       |     3 |     4 ||     7
       Inner Flame       |       |       |     9 |     1 ||    10
       Mephitic Cloud    |       |       |     2 |     3 ||     5
       Ignite Poison     |       |       |     2 |     2 ||     4
       Bolt of Magma     |       |       |       |    11 ||    11
       Bolt of Cold      |       |       |       |    15 ||    15
       Bolt of Fire      |       |       |       |    22 ||    22
       Freezing Cloud    |       |       |       |     1 ||     1
  Use: Scroll            |     3 |       |       |     2 ||     5
       Potion            |     2 |       |       |     2 ||     4
  Eat: Chunk             |       |       |     1 |     3 ||     4
       Fruit             |       |       |       |     4 ||     4
       Bread ration      |       |       |       |     1 ||     1
Armor: Robe              |     1 |     1 |     1 |       ||     3
       Animal skin       |       |       |       |     1 ||     1
Dodge: Dodged            |     3 |     1 |    16 |    22 ||    42

Table legend:
 A = Spawn XP
 B = Non-spawn XP
 C = Spawn XP percentage of total XP
 D = Spawn monster count
 E = Non-spawn monster count
 F = Spawn count percentage of total count
 G = Total turns spent on level
                    A         B        C        D         E        F      G
               +---------+---------+-------+---------+---------+-------+---------
         Total |       0 |   24407 |   0.0 |       0 |      98 |   0.0 |  3347
               +---------+---------+-------+---------+---------+-------+---------
             D |       0 |   24407 |   0.0 |       0 |      98 |   0.0 |  3347
               +---------+---------+-------+---------+---------+-------+---------
